 Dungeon Sprint DCSS version 0.31-a0-1074-g0b22e4e0f1 (webtiles) character file.

Game seed: 10270591193796941390

10574 sircluck the Brawler (level 11, -8/127 HPs)
             Began as a Troll Berserker on Dec 8, 2023.
             Was an Elder of Trog.
             Killed from afar by an oklob plant meteorologist (39 damage)
             ... with a splash of acid
             ... in the Dungeon (Sprint IV: "Fedhas' Mad Dash").
             The game lasted 00:07:08 (2155 turns).

sircluck the Brawler (Troll Berserker)              Turns: 2155, Time: 00:07:08

Health: -8/127     AC:  6    Str: 29 (31) XL:     11   Next: 38%
Magic:  10/10      EV: 15    Int:  3      God:    Trog [****..]
Gold:   180        SH:  0    Dex: 15      Spells: 10/10 levels left

rFire   . .          .
                       - Unarmed
rCold   . . .        (no shield)
rNeg    . . .        m - quicksilver dragon scales
rPois   .            (helmet restricted)
rElec   .            (no cloak)
rCorr   .            (gloves unavailable)
SInv    .            (boots unavailable)
Will    +....        h - amulet of invisibility {+Inv}
Stlth   +            j - +6 ring of dexterity
HPRegen 1.21/turn    (no ring)
MPRegen 0.12/turn

%: no teleportation
@: corroded
A: large, unfitting armour, claws 3, regeneration 1, shaggy fur 1, tough skin 1
a: Renounce Religion, Evoke Invisibility, Berserk, Trog's Hand, Brothers in Arms


You were in the Dungeon.
You worshipped Trog.
Trog was greatly pleased with you.
You visited 1 branch You collected 262 gold pieces.
You spent 82 gold pieces at shops.

Inventory:

Armour
 a - a +0 animal skin
 m - quicksilver dragon scales (worn)
Jewellery
 h - the amulet of invisibility (around neck) {+Inv}
   (You found it in the Dungeon)

   [amulet of nothing]

   +Inv:      It lets you turn invisible.
 j - a +6 ring of dexterity (left claw)
 l - the amulet "Aros" {Reflect +Blink rN+ SH+5 Stlth-}
   (You found it in the Dungeon)

   [amulet of reflection]

   Reflect:   It reflects blocked missile attacks.
   rN+:       It protects you from negative energy.
   +Blink:    It lets you blink.
   SH+5:      It affects your SH (+5).
   Stlth-:    It makes you less stealthy.
Scrolls
 g - a scroll of blinking
 o - a scroll of fear {unknown}
Potions
 b - a potion of curing
 c - a potion of heal wounds
 d - 4 potions of haste
 e - 2 potions of magic
 f - a potion of berserk rage
 i - a potion of enlightenment {unknown}
 n - a potion of lignification {unknown}
Miscellaneous
 k - a box of beasts
 p - a phial of floods


   Skills:
 + Level 13.6 Fighting
 + Level 7.7 Armour
 + Level 13.5 Dodging
 + Level 15.9 Unarmed Combat


You had 10 spell levels left.
You didn't know any spells.
Your spell library was empty.

Dungeon Overview and Level Annotations

Branches:
Dungeon (1/1)

Altars:
Cheibriados
Dithmenos
Elyvilon
Gozag
Hepliaklqana
Kikubaaqudgha
Makhleb
Nemelex Xobeh
Okawaru
Qazlal
Ru
Sif Muna
Trog
Uskayaw
Vehumet
Wu Jian
Xom
Yredelemnul
Zin
The Shining One
Jiyva
Lugonu

Shops:
D ?(:(?*?[[**!*[[[(

Annotations:
D exclusion: 2 oklob plants


Innate Abilities, Weirdness & Mutations

You are too large for most types of armour.
You have claws for hands.
Your natural rate of healing is unusually fast.
You are covered in fur. (AC +1)
You have tough skin. (AC +1)


Message History

HP restored.
Magic restored.
There is an entrance to Netutu's Book Emporium here.
There is an entrance to Peawk's Weapon Boutique here.
There is an entrance to Uggeitaq's Magic Scroll Shoppe here.
q - a scroll of revelation Thank you for shopping at Uggeitaq's Magic Scroll Shoppe!
You can access your shopping list by pressing '$'.
As you read the scroll of revelation, it crumbles to dust.
You feel aware of your surroundings.
You sensed 10 shops/portals.
Found 171 gold pieces.
Found six shops.
Unknown command.
Unknown command.
Unknown command.
You open the door.
Unknown command.
An oklob plant shifter and an oklob plant meteorologist come into view.
The oklob plant meteorologist spits acid at you.
The splash of acid hits you. The acid corrodes you!
The oklob plant shifter spits acid at you.
The splash of acid hits you!
Marking area around an oklob plant shifter and an oklob plant meteorologist as unsafe for travelling.
There is an open door here.
You fail to use your ability.
The oklob plant meteorologist stares at you and mumbles some strange words.
The bolt of lightning hits you!! The bolt of lightning misses you.
The oklob plant shifter spits acid at you.
The splash of acid hits you!
Unknown command.
You fail to use your ability.
Your ogre goes berserk!
The oklob plant meteorologist spits acid at you.
The splash of acid hits you!! The acid corrodes you!
The oklob plant meteorologist waves its leaves in wide circles.
The air twists around and strikes you!!
* * * LOW HITPOINT WARNING * * *
Unknown command.
The oklob plant meteorologist spits acid at you.
The splash of acid hits you!!!
You die...

#.....♣..♣..######♣♣♣♣♣..♣
##'####'######..'......♣..
#..#....'.......#♣..♣♣♣.♣)
#..#.:###.......#.♣♣..♣...
##########################
#.......†........).....###
#∩......†..............###
#∩...................P....
#∩.......@.O.............#
###########'##############
#P.........#####..###
#.......P.P###.i..+..
###.P....#####.sy.###
###...## ###$$$$###
#....**##$$$$$###
#....,,..$$$$$+$$
#.....,,,,,,,,***


You could see an oklob plant meteorologist (ally target) and a friendly ogre
(summoned, berserk).

Vanquished Creatures
  Agnes (D)
  A ghost moth (D)
  A spriggan defender (D)
  A demonic crawler (D)
  A spriggan druid (D)
  5 oklob plants (D)
  2 burning bushes (D)
  A queen bee (D)
  4 hornets (D)
  3 wandering mushrooms (D)
  3 scorpions (D)
  3 killer bees (D)
  4 oklob saplings (D)
  7 spriggans (D)
  A river rat (D)
  A rat (D)
39 creatures vanquished.

Vanquished Creatures (collateral kills)
  A demonic crawler (D)
  A spriggan berserker (D)
  An oklob plant (D)
  A burning bush (D)
  A killer bee (D)
  An oklob sapling (D)
6 creatures vanquished.

Vanquished Creatures (others)
  2 ballistomycete spores (D)
2 creatures vanquished.

Grand Total: 47 creatures vanquished

Notes
Turn   | Place    | Note
-------+----------+-------------------------------------------
     0 | D        | sircluck the Troll Berserker began the quest for the Orb.
     0 | D        | Reached XP level 1. HP: 22/22 MP: 0/0
    10 | D        | Reached XP level 2. HP: 31/31 MP: 1/1
    16 | D        | Noticed an oklob sapling
    19 | D        | Killed an oklob sapling
    19 | D        | Reached ** piety under Trog
    20 | D        | Reached skill level 4 in Unarmed Combat
    20 | D        | Reached XP level 3. HP: 39/39 MP: 2/2
    21 | D        | Noticed a scorpion
    21 | D        | Found the amulet of invisibility {+Inv}
    25 | D        | Killed a scorpion
    26 | D        | Reached skill level 5 in Unarmed Combat
    26 | D        | Reached XP level 4. HP: 49/49 MP: 3/3
    45 | D        | Reached skill level 5 in Fighting
    45 | D        | Reached skill level 5 in Dodging
    45 | D        | Reached skill level 6 in Unarmed Combat
    59 | D        | Found an opulent altar of Gozag.
    59 | D        | Found a hazy altar of Hepliaklqana.
    59 | D        | Found a burning altar of Makhleb.
    59 | D        | Found a sparkling altar of Nemelex Xobeh.
    59 | D        | Found a snail-covered altar of Cheibriados.
    59 | D        | Found a sacrificial altar of Ru.
    59 | D        | Found a shimmering blue altar of Sif Muna.
    59 | D        | Found a shimmering altar of Xom.
    59 | D        | Found a basalt altar of Yredelemnul.
    60 | D        | Found a viscous altar of Jiyva.
    60 | D        | Found a bloodstained altar of Trog.
    60 | D        | Found an ornate altar of the Wu Jian Council.
    61 | D        | Found an iron altar of Okawaru.
    61 | D        | Found a glowing silver altar of Zin.
    61 | D        | Found a shadowy altar of Dithmenos.
    62 | D        | Found an ancient bone altar of Kikubaaqudgha.
    62 | D        | Found a hide-covered altar of Uskayaw.
    63 | D        | Found a white marble altar of Elyvilon.
    63 | D        | Found a stormy altar of Qazlal.
    63 | D        | Found a glowing golden altar of the Shining One.
    64 | D        | Found a corrupted altar of Lugonu.
    64 | D        | Found a radiant altar of Vehumet.
    69 | D        | Reached XP level 5. HP: 48/59 MP: 4/4
    93 | D        | Reached *** piety under Trog
    94 | D        | Reached skill level 7 in Unarmed Combat
   135 | D        | Reached XP level 6. HP: 68/68 MP: 5/5
   136 | D        | Reached skill level 8 in Unarmed Combat
   143 | D        | Found Dokkiotocs's General Store.
   143 | D        | Found Zoipsuge's General Store.
   180 | D        | Noticed a burning bush
   180 | D        | Noticed a wandering mushroom
   181 | D        | Noticed a wandering mushroom
   233 | D        | Reached **** piety under Trog
   281 | D        | Killed a wandering mushroom
   282 | D        | Reached skill level 9 in Unarmed Combat
   298 | D        | Reached XP level 7. HP: 75/79 MP: 6/6
   314 | D        | Killed a burning bush
   315 | D        | Reached skill level 10 in Unarmed Combat
   338 | D        | Found Aroera Deop's Antique Armour Emporium.
   338 | D        | Found Zinyuheu's Antique Armour Shoppe.
   391 | D        | Noticed a queen bee
   404 | D        | Reached ***** piety under Trog
   412 | D        | Killed a queen bee
   412 | D        | Received a gift from Trog
   413 | D        | Reached XP level 8. HP: 92/92 MP: 7/7
   439 | D        | Noticed an oklob plant
   474 | D        | Killed an oklob plant
   475 | D        | Reached skill level 11 in Unarmed Combat
   500 | D        | Noticed a burning bush
   504 | D        | Killed a burning bush
   505 | D        | Reached skill level 10 in Fighting
   505 | D        | Reached skill level 10 in Dodging
   514 | D        | Noticed a burning bush
   514 | D        | Noticed an oklob plant
   515 | D        | Noticed a wandering mushroom
   527 | D        | Killed a wandering mushroom
   528 | D        | Reached skill level 12 in Unarmed Combat
   598 | D        | Killed a burning bush
   599 | D        | Reached XP level 9. HP: 97/102 MP: 8/8
   601 | D        | Killed an oklob plant
   613 | D        | Identified the amulet "Aros" {Reflect +Blink rN+ SH+5
                  | Stlth-}
   641 | D        | Noticed a spriggan druid
   645 | D        | Killed a spriggan druid
   646 | D        | Reached skill level 13 in Unarmed Combat
   671 | D        | Noticed an oklob plant conjurer
   677 | D        | Killed an oklob plant conjurer
   678 | D        | Reached skill level 1 in Armour
   711 | D        | Noticed Agnes
   722 | D        | Killed Agnes
   723 | D        | Reached XP level 10. HP: 47/115 MP: 9/9
   940 | D        | Noticed an oklob plant
   940 | D        | Noticed an oklob plant summoner
  1010 | D        | Reached skill level 14 in Unarmed Combat
  1348 | D        | Noticed an oklob plant shifter
  1354 | D        | Killed an oklob plant summoner
  1362 | D        | Noticed a demonic crawler
  1367 | D        | Killed an oklob plant
  1372 | D        | Killed an oklob plant shifter
  1374 | D        | Killed a demonic crawler
  1375 | D        | Reached skill level 5 in Armour
  1649 | D        | Noticed a spriggan rider
  1650 | D        | Found Sarpham's Armour Emporium.
  1665 | D        | Found Laludwex's Weapon Shoppe.
  1707 | D        | Found Gouki's Distillery.
  1707 | D        | Noticed a spriggan berserker
  1712 | D        | Killed a spriggan berserker
  1713 | D        | Reached skill level 15 in Unarmed Combat
  1715 | D        | Found Ublelaf's Assorted Antiques.
  1717 | D        | Noticed a spriggan defender
  1731 | D        | Killed a spriggan defender
  1732 | D        | Reached XP level 11. HP: 66/127 MP: 10/10
  1915 | D        | Noticed a spriggan rider
  1958 | D        | Killed a spriggan rider
  2009 | D        | Noticed a demonic crawler
  2010 | D        | Found Uggeitaq's Magic Scroll Shoppe.
  2010 | D        | Found Peawk's Weapon Boutique.
  2010 | D        | Found Netutu's Book Emporium.
  2015 | D        | Killed a demonic crawler
  2025 | D        | Killed a ghost moth
  2092 | D        | Bought a scroll of revelation for 82 gold pieces
  2115 | D        | Found Soimov's Armour Emporium.
  2115 | D        | Found Miahew's Weapon Shop.
  2115 | D        | Found Waxt's Assorted Antiques.
  2115 | D        | Found Ceohoori's Magic Scroll Boutique.
  2115 | D        | Found Wyen's Magic Scroll Shoppe.
  2115 | D        | Found Yliel's Armour Emporium.
  2115 | D        | Noticed a spriggan rider
  2115 | D        | Noticed an oklob plant summoner
  2115 | D        | Noticed a demonic crawler
  2148 | D        | Noticed an oklob plant shifter
  2148 | D        | Noticed an oklob plant meteorologist
  2155 | D        | Killed from afar by an oklob plant meteorologist

Illustrated notes

Levels and vault maps discovered:
D:        dungeon_sprint_fedhas [sprint_temple]

Skill      XL: |  1  2  3  4  5  6  7  8  9 10 11 |
---------------+----------------------------------+-----
Fighting       | 3 4 5 6 7 9 10 12 13 | 13.6
Dodging        | 3 4 5 6 7 9 10 11 12 13 | 13.5
Unarmed Combat | 4 5 6 7 9 10 12 13 15 | 15.9
Armour         | 3 6 7 |  7.7

Action                     |  1- 3 |  4- 6 |  7- 9 | 10-12 || total
---------------------------+-------+-------+-------+-------++-------
  Melee: Unarmed           |    12 |    27 |    45 |    61 ||   145
         Punch             |     1 |     1 |     4 |     4 ||    10
 Invoke: Berserk           |       |     1 |     2 |     3 ||     6
         Brothers in Arms  |       |       |     4 |     4 ||     8
Ability: Evoke Invisibilit |       |       |       |     1 ||     1
  Evoke: Box of beasts     |       |       |     2 |       ||     2
    Use: Potion            |       |       |       |     1 ||     1
         Scroll            |       |       |       |     1 ||     1
   Stab: Distracted        |       |       |     1 |       ||     1
 Armour: Animal skin       |     2 |    12 |    20 |       ||    34
         Quicksilver drago |       |       |     8 |    70 ||    78
  Dodge: Dodged            |     5 |     8 |    14 |    28 ||    55
  Block: Other             |       |       |     4 |     1 ||     5
         Reflection        |       |       |     2 |       ||     2

Table legend: (Time is in decaauts)
 A = Elapsed time spent in this place.
 B = Non-inter-level travel time spent in this place.
 C = Inter-level travel time spent in this place.
 D = Time resting spent in this place.
 E = Time spent auto-exploring this place.
 F = Levels seen in this place.
 G = Mean time per level.
                   A        B        C        D        E       F      G
               +--------+--------+--------+--------+--------+-----+--------+
         Total |   2185 |   2176 |      9 |   1243 |    188 |   1 | 2185.0 |
       Dungeon |   2185 |   2176 |      9 |   1243 |    188 |   1 | 2185.0 |
               +--------+--------+--------+--------+--------+-----+--------+

Top non-repeatable levels by time:
       D: 2185 daAuts
